 Dungeon Crawl Stone Soup version 0.22-a0-135-g6f012ad (webtiles) character file.

194 GrunderHorse the Skirmisher (level 5, -6/70 HPs)
             Began as a Gnoll Wanderer on Feb 1, 2018.
             Mangled by Natasha (8 damage)
             ... on level 2 of the Dungeon.
             The game lasted 00:03:41 (2369 turns).

GrunderHorse the Skirmisher (Gnoll Wanderer)        Turns: 2369, Time: 00:03:42

Health: -6/70      AC: 22    Str: 13    XL:     5   Next: 73%
Magic:  7/7        EV:  2    Int: 16    God:
Gold:   170        SH:  0    Dex: 15    Spells: 7/7 levels left

rFire    . . .     SeeInvis .   a - +3 falchion
rCold    . . .     Gourm    .   (no shield)
rNeg     + + +     Faith    .   (armour currently unavailable)
rPois    +         Spirit   .   (helmet currently unavailable)
rElec    .         Reflect  .   (cloak currently unavailable)
rCorr    .         Harm     .   (gloves currently unavailable)
MR       .....     NoTele   +   (boots currently unavailable)
Stlth    +++.......             m - amulet of inaccuracy (curse)
HPRegen  0.21/turn              n - -3 ring of evasion (curse)
MPRegen  0.10/turn              (no ring)

@: tree-form
A: distributed training, strong nose
a: no special abilities


You were on level 2 of the Dungeon.
You were not hungry.
You were a tree.
You visited 1 branch of the dungeon, and saw 2 of its levels.

You collected 170 gold pieces.

Inventory:

Hand Weapons
 a - a +3 falchion (weapon)
 e - a +0 dagger
Missiles
 k - 2 tomahawks (quivered)
Armour
 d - a +0 robe
 g - a +0 scale mail
 p - a +1 leather armour (melded)
Jewellery
 m - a cursed amulet of inaccuracy (around neck)
 n - a cursed -3 ring of evasion (left branch)
Wands
 u - a wand of enslavement (18)
Scrolls
 h - a scroll of random uselessness
 j - a scroll of blinking
 o - a scroll of identify
Potions
 c - 3 potions of curing
 i - a potion of mutation {unknown}
 l - 2 potions of brilliance {unknown}
 t - 2 potions of heal wounds {unknown}
 v - a potion of flight {unknown}
Comestibles
 f - 4 rations
 q - a chunk of flesh


   Skills:
 + Level 6.7 Fighting
 + Level 1.6 Short Blades
 + Level 4.8 Long Blades
 + Level 1.6 Axes
 + Level 1.6 Maces & Flails
 + Level 1.6 Polearms
 + Level 1.6 Staves
 + Level 1.6 Slings
 + Level 1.6 Bows
 + Level 1.6 Crossbows
 + Level 1.6 Throwing
 + Level 1.6 Armour
 + Level 3.0 Dodging
 + Level 6.2 Stealth
 + Level 1.6 Shields
 + Level 1.6 Unarmed Combat
 + Level 1.6 Spellcasting
 + Level 1.2 Conjurations
 + Level 1.2 Hexes
 + Level 1.2 Charms
 + Level 1.2 Summonings
 + Level 1.2 Necromancy
 + Level 1.2 Translocations
 + Level 1.2 Transmutations
 + Level 1.2 Fire Magic
 + Level 1.2 Ice Magic
 + Level 1.2 Air Magic
 + Level 1.2 Earth Magic
 + Level 1.2 Poison Magic
 + Level 1.8 Invocations
 + Level 3.0 Evocations


You had 7 spell levels left.
You didn't know any spells.

Dungeon Overview and Level Annotations

Branches:
Dungeon (2/15)

Altars:

Annotations:
D:2 Natasha


Innate Abilities, Weirdness & Mutations

Your experience applies equally to all skills.
((You have very sharp teeth.))
Your uncanny sense of smell can sniff out nearby items.


Message History

Natasha casts a spell at you. The magic dart hits you!
* * * LOW HITPOINT WARNING * * *
The hobgoblin misses you.
You riposte.
You slash the hobgoblin!
You kill the hobgoblin!
Natasha stares at you and mumbles some strange words.
The magic dart hits you!
* * * LOW HITPOINT WARNING * * *
You turn into a tree.
Your +1 leather armour melds into your body.
Your roots penetrate the ground.
Natasha claws you but does no damage. Natasha completely misses you.
Natasha claws you but does no damage.
Natasha casts a spell.
Natasha claws you but does no damage. Natasha claws you.
* * * LOW HITPOINT WARNING * * *
Natasha claws you!
You die...

##... ## #. ....##.##
.#### ###.....K. ... ∆
.......#.#######(#####.#
# #....................#
###............)....##.#
.........#######.##.#
.........# #.5h# .#
..#.#..#.# #.#♣# .#
....#..#.# #.#.# .#
.#...).#.# # #.##.## #
......##.# .#.#...#.#
.#######.#####.#.......#
.# ####.#...#>#.....#.#
.####......#........##
.........#...#.##.###
..........#.##.##.#


You could see an iron imp and Natasha.

Vanquished Creatures
  A sky beast (D:2)
  Natasha (D:2)
  4 adders (D:2)
  An ooze (D:2)
  A worm (D:2)
  2 dart slugs (D:1)
  4 ball pythons (D:2)
  2 bats (D:1)
  A giant cockroach (D:2)
  A goblin (D:1)
  6 hobgoblins
  2 frilled lizards (D:2)
  3 kobolds
  5 rats
34 creatures vanquished.

Notes
Turn   | Place    | Note
-------+----------+-------------------------------------------
     0 | D:1      | GrunderHorse the Gnoll Wanderer began the quest for the Orb.
     0 | D:1      | GrunderHorse set off with: a +2 falchion, a potion of lignification, a potion of curing, a +0 robe, a +0 dagger, a ration
     0 | D:1      | Reached XP level 1. HP: 23/23 MP: 2/2
   350 | D:1      | Reached XP level 2. HP: 29/29 MP: 3/3
  1295 | D:2      | Reached XP level 3. HP: 35/35 MP: 4/4
  1354 | D:2      | Reached skill level 1 in Invocations
  1620 | D:2      | Reached skill level 1 in Short Blades
  1620 | D:2      | Reached skill level 1 in Axes
  1620 | D:2      | Reached skill level 1 in Maces & Flails
  1620 | D:2      | Reached skill level 1 in Polearms
  1620 | D:2      | Reached skill level 1 in Staves
  1620 | D:2      | Reached skill level 1 in Slings
  1620 | D:2      | Reached skill level 1 in Bows
  1620 | D:2      | Reached skill level 1 in Crossbows
  1620 | D:2      | Reached skill level 1 in Throwing
  1620 | D:2      | Reached skill level 1 in Armour
  1620 | D:2      | Reached skill level 1 in Shields
  1620 | D:2      | Reached skill level 1 in Unarmed Combat
  1620 | D:2      | Reached skill level 1 in Spellcasting
  1990 | D:2      | Noticed Natasha
  2000 | D:2      | Killed Natasha
  2000 | D:2      | Reached XP level 4. HP: 32/41 MP: 6/6
  2006 | D:2      | Noticed a sky beast
  2076 | D:2      | Reached skill level 1 in Conjurations
  2076 | D:2      | Reached skill level 1 in Hexes
  2076 | D:2      | Reached skill level 1 in Charms
  2076 | D:2      | Reached skill level 1 in Summonings
  2076 | D:2      | Reached skill level 1 in Necromancy
  2076 | D:2      | Reached skill level 1 in Translocations
  2076 | D:2      | Reached skill level 1 in Transmutations
  2076 | D:2      | Reached skill level 1 in Fire Magic
  2076 | D:2      | Reached skill level 1 in Ice Magic
  2076 | D:2      | Reached skill level 1 in Air Magic
  2076 | D:2      | Reached skill level 1 in Earth Magic
  2076 | D:2      | Reached skill level 1 in Poison Magic
  2135 | D:2      | Killed a sky beast
  2135 | D:2      | Reached XP level 5. HP: 26/47 MP: 7/7
  2349 | D:2      | Noticed Natasha
  2360 | D:2      | HP: 1/47 [Natasha/magic dart (8)]
  2368 | D:2      | HP: 2/70 [Natasha (1)]
  2369 | D:2      | Mangled by Natasha

Vault maps used:
D:1:      minmay_arrival_wavy_path, minmay_bisected
D:2:      minmay_shallow_snake_nest, uniq_natasha

Skill      XL: |  1  2  3  4 |
---------------+-------------+-----
Stealth        | 6 |  6.2
Invocations    | 1 |  1.8
Short Blades   | 1 |  1.6
Axes           | 1 |  1.6
Maces & Flails | 1 |  1.6
Polearms       | 1 |  1.6
Staves         | 1 |  1.6
Slings         | 1 |  1.6
Bows           | 1 |  1.6
Crossbows      | 1 |  1.6
Throwing       | 1 |  1.6
Armour         | 1 |  1.6
Shields        | 1 |  1.6
Unarmed Combat | 1 |  1.6
Spellcasting   | 1 |  1.6
Conjurations   | 1 |  1.2
Hexes          | 1 |  1.2
Charms         | 1 |  1.2
Summonings     | 1 |  1.2
Necromancy     | 1 |  1.2
Translocations | 1 |  1.2
Transmutations | 1 |  1.2
Fire Magic     | 1 |  1.2
Ice Magic      | 1 |  1.2
Air Magic      | 1 |  1.2
Earth Magic    | 1 |  1.2
Poison Magic   | 1 |  1.2
Dodging        | 3 |  3.0
Evocations     | 3 |  3.0
Fighting       | |  6.7
Long Blades    | |  4.8

Action                   |  1- 3 |  4- 6 || total
-------------------------+-------+-------++-------
Melee: Falchion          |    51 |    41 ||    92
       Bite              |     5 |     3 ||     8
  Use: Scroll            |     5 |       ||     5
       Potion            |       |     1 ||     1
 Stab: Sleeping          |     8 |     1 ||     9
  Eat: Chunk             |     3 |       ||     3
       Ration            |       |     1 ||     1
Armor: Robe              |     4 |       ||     4
       Leather armour    |     1 |    17 ||    18
       Skin              |       |     3 ||     3
Dodge: Dodged            |    18 |    23 ||    41
       Rpst.: Falchion   |     4 |     7 ||    11

Table legend:
 A = Spawn XP
 B = Non-spawn XP
 C = Spawn XP percentage of total XP
 D = Spawn monster count
 E = Non-spawn monster count
 F = Spawn count percentage of total count
 G = Total turns spent on level
                    A         B        C        D         E        F      G
               +---------+---------+-------+---------+---------+-------+---------
         Total |       0 |     278 |   0.0 |       0 |      34 |   0.0 |  2369
               +---------+---------+-------+---------+---------+-------+---------
           D:1 |       0 |      22 |   0.0 |       0 |      12 |   0.0 |  1166
           D:2 |       0 |     256 |   0.0 |       0 |      22 |   0.0 |  1203
               +---------+---------+-------+---------+---------+-------+---------
